 Dungeon Crawl Stone Soup version 0.29-a0-96-g93358da72b (webtiles) character file.

Game seed: 14759248516170727553

57 siradein the Insei (level 4, -6/22 HPs)
             Began as a Vine Stalker Transmuter on Feb 11, 2022.
             Killed by nerve-wracking pain
             ... invoked by Grinder
              (13 damage)
             ... on level 3 of the Dungeon.
             The game lasted 00:03:17 (2553 turns).

siradein the Insei (Vine Stalker Transmuter)        Turns: 2553, Time: 00:03:17

Health: -6/22      AC:  6    Str: 12    XL:     4   Next: 0%
Magic:  0/9        EV: 11    Int: 15    God:
Gold:   95         SH:  0    Dex: 15    Spells: 2/8 levels left

rFire   + . .      SeeInvis .     - Unarmed
rCold   . . .      Faith    .   (no shield)
rNeg    . . .      Spirit   +   d - +1 ring mail {rF+}
rPois   .          Reflect  .   (no helmet)
rElec   .          Harm     .   (no cloak)
rCorr   .          Rampage  .   (no gloves)
Will    .....                   (no boots)
Stlth   +.........              (no amulet)
HPRegen 0.87/turn               (no ring)
MPRegen 0.11/turn               (no ring)

@: no status effects
A: fangs 2, regeneration 1, magic shield, antimagic bite, no potion heal 2
a: no special abilities


You were on level 3 of the Dungeon.
You visited 1 branch of the dungeon, and saw 3 of its levels.

You collected 95 gold pieces.

Inventory:

Armour
 d - a +1 ring mail of fire resistance (worn)
Magical Staves
 f - a staff of death
 h - a staff of cold
Scrolls
 a - a scroll of enchant armour {unknown}
 b - a scroll of magic mapping {unknown}
 c - 2 scrolls of enchant weapon {unknown}
 k - a scroll of noise {unknown}
Potions
 e - a potion of heal wounds {unknown}
 g - a potion of brilliance {unknown}
 i - a potion of curing {unknown}
 j - a potion of might {unknown}


   Skills:
 + Level 1.5 Fighting
 + Level 2.0 Dodging
 + Level 3.4 Unarmed Combat
 + Level 2.7 Spellcasting
 + Level 2.5 Transmutations
 + Level 0.4 Poison Magic


You had 2 spell levels left.
You knew the following spells:

 Your Spells              Type           Power      Damage    Failure   Level
a - Beastly Appendage     Tmut           18%        N/A       17%         1
b - Wereblood             Tmut           9%         N/A       26%         2
c - Spider Form           Tmut/Pois      6%         N/A       61%         3

Your spell library contained the following spells:

 Spells                   Type           Power      Damage    Failure   Level
 Magic Dart               Conj           8%         1d3       43%         1
 Searing Ray              Conj           4%         2d4       56%         2
 Dazzling Flash           Conj/Hex       4%         N/A       80%         3
 Ice Form                 Ice/Tmut       5%         N/A       95%         4
 Fulminant Prism          Conj/Hex       1%         3d6       99%         4
 Agony                    Necr           2%         N/A       100%        5
 Silence                  Hex/Air        1%         N/A       100%        5


Dungeon Overview and Level Annotations

Branches:
Dungeon (3/15)

Altars:

Annotations:
D:3 Grinder


Innate Abilities, Weirdness & Mutations

You have extremely sharp teeth.
Your natural rate of healing is unusually fast.
When hurt, damage is shared between your health and your magic reserves.
Your bite disrupts and absorbs the magic of your enemies.
Potions cannot restore your health.


Message History

Grinder gestures at you.
You struggle to resist.
Your transformation is almost over.
Grinder gestures at you. Pain shoots through your body!
Ouch! That really hurt!
* * * LOW HITPOINT WARNING * * *
Grinder gestures at you. You resist with significant effort.
Your horns disappear.
Your talons disappear.
Grinder blinks!
Grinder gestures at you.
You struggle to resist.
Grinder gestures at you. Pain shoots through your body!
Grinder says, "Mostly I couldn't keep them alive."
Grinder gestures at you.
You suddenly lose the ability to move!
Grinder hits you.
You writhe in agony.
Grinder says, "FISH!"
Grinder hits you!
You writhe in agony.
Grinder blinks!
You can move again.
Unknown command.
Unknown command.
Grinder gestures at you. Pain shoots through your body!
Grinder gestures at you.
You suddenly lose the ability to move!
Grinder hits you but does no damage. x2
Grinder hits you!
You writhe in agony.
* * * LOW HITPOINT WARNING * * *
You can move again.
Unknown command.
Unknown command.
Unknown command.
Grinder gestures at you. Pain shoots through your body!
Ouch! That really hurt!
You die...

#. .#.# ######
#.##.#.### #....#
#.)......# #.##.#
#........#
#.##.####.......##
###5##..............
#...#######.5.....#
#.### #.รท.....# #.#
#@......# #.#
###.#####... #.#
#.....# .# #.###
#.....# #...#
#.....# ###.#
#....<# ####.###
#.....# #......#
####### #.##.#.#


You could see Grinder.

Vanquished Creatures
  A worm (D:2)
  A dart slug (D:1)
  An orc (D:3)
  2 ball pythons
  5 bats
  3 endoplasms (D:1)
  2 giant cockroaches
  4 goblins
  6 hobgoblins
  9 jackals
  2 quokkas
  4 frilled lizards
  A kobold (D:2)
  4 rats
45 creatures vanquished.

Notes
Turn   | Place    | Note
-------+----------+-------------------------------------------
     0 | D:1      | siradein the Vine Stalker Transmuter began the quest for
                  | the Orb.
     0 | D:1      | Reached XP level 1. HP: 9/9 MP: 4/4
    22 | D:1      | Reached skill level 1 in Fighting
   181 | D:1      | Reached XP level 2. HP: 14/14 MP: 3/6
   277 | D:1      | Found a faded altar of an unknown god.
   749 | D:1      | Reached XP level 3. HP: 5/18 MP: 2/7
  1056 | D:1      | Learned a level 2 spell: Wereblood
  1060 | D:1      | Learned a level 3 spell: Spider Form
  2484 | D:3      | Gained mutation: Your natural rate of healing is unusually
                  | fast. [Vine Stalker growth]
  2484 | D:3      | Reached XP level 4. HP: 22/22 MP: 7/9
  2504 | D:3      | Noticed Grinder
  2541 | D:3      | Paralysed by Grinder for 5 turns
  2548 | D:3      | Paralysed by Grinder for 5 turns
  2553 | D:3      | Killed from afar by Grinder

Illustrated notes

Levels and vault maps discovered:
D:1:      dpeg_arrival_rhombus, layout_basic, hellmonk_ecumenical_altar_zigzags,
          hangedman_decor_clover_reticule
D:2:      layout_basic, kennysheep_generic_room_7
D:3:      layout_loops_cross, uniq_sigmund, uniq_grinder, uniq_terence,
          uniq_crazy_yiuf_cottage, uniq_natasha

Skill      XL: |  1  2  3 |
---------------+----------+-----
Fighting       | 1 |  1.5
Dodging        | 2 |  2.0
Unarmed Combat | |  3.4
Spellcasting   | |  2.7
Transmutations | |  2.5
Poison Magic   | |  0.4

Action                   |  1- 3 |  4- 6 || total
-------------------------+-------+-------++-------
Melee: Unarmed           |   127 |     3 ||   130
       Kick              |    19 |       ||    19
       Bite              |    25 |     1 ||    26
       Headbutt          |    11 |     1 ||    12
       Punch             |     3 |       ||     3
 Cast: Beastly Appendage |    21 |     1 ||    22
Armor: Robe              |    10 |       ||    10
       Ring mail         |    29 |     3 ||    32
Dodge: Dodged            |   103 |     1 ||   104

Table legend: (Time is in decaauts)
 A = Elapsed time spent in this place.
 B = Non-inter-level travel time spent in this place.
 C = Inter-level travel time spent in this place.
 D = Time resting spent in this place.
 E = Time spent auto-exploring this place.
 F = Levels seen in this place.
 G = Mean time per level.
                   A        B        C        D        E       F      G
               +--------+--------+--------+--------+--------+-----+--------+
         Total |   2545 |   2441 |    104 |      0 |   2047 |   3 |  848.3 |
       Dungeon |   2545 |   2441 |    104 |      0 |   2047 |   3 |  848.3 |
               +--------+--------+--------+--------+--------+-----+--------+

Top non-repeatable levels by time:
     D:1: 1362 daAuts
     D:2: 941 daAuts
     D:3: 241 daAuts
